 Dungeon Crawl Stone Soup version 0.31-a0-175-g9f7f995f2b (webtiles) character file.

Game seed: 6739307768962786504

11081 TittyCrusher the Destroyer (level 11, 0/54 HPs)
             Began as a Deep Elf Fire Elementalist on June 16, 2023.
             Was an Elder of Vehumet.
             Shot with an arrow by a centaur warrior (14 damage)
             ... on level 9 of the Dungeon.
             The game lasted 00:49:43 (11537 turns).

TittyCrusher the Destroyer (DEFE)                  Turns: 11537, Time: 00:49:44

Health: 0/54       AC:  7    Str:  5    XL:     11   Next: 44%
Magic:  17/26      EV: 12    Int: 25    God:    Vehumet [****..]
Gold:   143        SH:  0    Dex: 15    Spells: 1/29 levels left

rFire   + . .        a - +5 spear (venom)
rCold   . . .        (no shield)
rNeg    + . .        p - +2 robe {rN+}
rPois   .            U - +0 helmet
rElec   .            (no cloak)
rCorr   .            z - +0 pair of gloves
SInv    .            M - +0 pair of boots
Will    +....        f - amulet of faith
Stlth   ++           O - ring of fire
HPRegen 0.29/turn    H - ring of protection from cold
MPRegen 0.20/turn

%: faith
@: no status effects
A: no striking features
a: Renounce Religion


You were on level 9 of the Dungeon.
You worshipped Vehumet.
Vehumet was greatly pleased with you.
You visited 3 branches of the dungeon, and saw 12 of its levels.

You collected 631 gold pieces.
You spent 488 gold pieces at shops.

Inventory:

Hand Weapons
 a - a +5 spear of venom (weapon)
 b - a +0 sling
Missiles
 i - 89 stones (quivered)
 j - 2 atropa-tipped darts
 A - 4 curare-tipped darts
 I - 24 poisoned darts
 K - 4 throwing nets
Armour
 p - a +2 robe of positive energy (worn)
 s - a +0 buckler
 u - a +0 ring mail
 z - a +0 pair of gloves (worn)
 M - a +0 pair of boots (worn)
 N - a +1 leather armour of poison resistance
 U - a +0 helmet (worn)
Jewellery
 c - an amulet of reflection
 e - a +6 ring of intelligence
 f - an amulet of faith (around neck)
 D - a ring of flight
 H - a ring of protection from cold (right hand)
 O - a ring of fire (left hand)
 R - an amulet of guardian spirit
 W - a ring of resist corrosion
Wands
 o - a wand of quicksilver (5)
 y - a wand of flame (38)
 E - a wand of polymorph (8)
 S - a wand of mindburst (17)
 V - a wand of charming (4)
Scrolls
 g - 2 scrolls of silence
 h - a scroll of blinking
 l - 2 scrolls of summoning
 n - 2 scrolls of amnesia
 r - a scroll of fear
 t - a scroll of immolation {unknown}
 v - a scroll of torment {unknown}
 w - 3 scrolls of teleportation
 x - a scroll of fog
 B - 2 scrolls of vulnerability {unknown}
 F - 2 scrolls of poison
 T - a scroll of revelation {unknown}
Potions
 d - 3 potions of magic
 k - 3 potions of brilliance
 m - 2 potions of invisibility
 q - 2 potions of curing
 C - a potion of attraction
 G - a potion of enlightenment {unknown}
 J - a potion of lignification
 L - a potion of berserk rage
 P - a potion of resistance
 X - a potion of ambrosia {unknown}


   Skills:
 - Level 2.4 Dodging
 - Level 2.4 Stealth
 - Level 9.6 Spellcasting
 - Level 12.7 Conjurations
 - Level 3.0 Translocations
 - Level 12.3 Fire Magic
 + Level 3.5 Ice Magic
 - Level 2.9 Air Magic


You had one spell level left.
You knew the following spells:

 Your Spells              Type           Power      Damage    Failure   Level
a - Foxfire               Conj/Fire      100%       2x1d9     1%          1
b - Scorch                Fire           100%       2d9       1%          2
c - Volatile Blastmotes   Fire/Tloc      100%       2d18      1%          3
d - Fireball              Conj/Fire      42%        3d17      1%          5
e - Summon Small Mammal   Summ           48%        N/A       5%          1
f - Inner Flame           Hex/Fire       59%        N/A       1%          3
g - Swiftness             Air            26%        N/A       4%          3
h - Irradiate             Conj/Tmut      21%        3d18      3%          5
i - Freezing Cloud        Conj/Ice/Air   22%        6-21      3%          5

Your spell library contained the following spells:

 Spells                   Type           Power      Damage    Failure   Level
 Ozocubu's Refrigeration  Ice            14%        4d10      91%         7
 Shock                    Conj/Air       100%       1d9       1%          1
 Momentum Strike          Conj/Tloc      100%       3d10      1%          2
 Searing Ray              Conj           100%       2d8       1%          2
 Static Discharge         Conj/Air       100%       2-7/arc   1%          2
 Ignite Poison            Fire/Tmut/Pois 49%        N/A       1%          3
 Flame Wave               Conj/Fire      84%        2d18      1%          4
 Arcjolt                  Conj/Air       25%        1d35      1%          5
 Ensorcelled Hibernation  Hex/Ice        40%        N/A       3%          2
 Cigotuvi's Dreadful Rot  Necr/Pois/Air  32%        N/A       5%          2
 Passwall                 Tmut/Erth      10%        N/A       8%          2
 Portal Projectile        Hex/Tloc       38%        N/A       9%          3
 Call Canine Familiar     Summ           12%        N/A       16%         3
 Summon Guardian Golem    Hex/Summ       12%        N/A       16%         3
 Yara's Violent Unravell  Hex/Tmut       6%         3d5       34%         5
 Dispel Undead            Necr           12%        3d9       45%         4
 Leda's Liquefaction      Hex/Erth       6%         N/A       45%         4
 Death Channel            Necr           6%         N/A       100%        6
 Enfeeble                 Hex            6%         N/A       100%        7


Dungeon Overview and Level Annotations

Branches:
Dungeon (10/15)            Temple (1/1) D:5            Lair (1/5) D:8
    Orc: D:9-12

Altars:
Ashenzari
Cheibriados
Dithmenos
Elyvilon
Fedhas
Gozag
Hepliaklqana
Kikubaaqudgha
Makhleb
Nemelex Xobeh
Okawaru
Qazlal
Ru
Sif Muna
Trog
Uskayaw
Vehumet
Wu Jian
Xom
Yredelemnul
Zin
The Shining One

Shops:
D:6 =   D:7 *

Annotations:
D:2 1 runed translucent door, Crazy Yiuf
D:9 exclusion: downstairs
Lair:1 exclusion: torpor snail


Message History

The centaur warrior unwields a +0 dagger.
The centaur warrior wields a +0 orcbow.
The centaur warrior shoots an arrow.
The arrow hits you!
The centaur warrior shoots an arrow.
The arrow hits you!
Unknown command.
Casting: Fireball (dangerous; 1% risk of failure)
Confirm with . or Enter, or press ? or * to list all spells.
Aiming: Fireball (dangerous; 1% risk of failure)
Press: ? - help, Shift-Dir - straight line, f - centaur warrior
Aim: a centaur warrior, wielding a +0 orcbow and wearing a +0 robe
Okay, then.
The troll shouts!
Okay, then.
You feel much better.
The centaur warrior shoots an arrow.
The arrow hits you!
Casting: Fireball (dangerous; 1% risk of failure)
Confirm with . or Enter, or press ? or * to list all spells.
Aiming: Fireball (dangerous; 1% risk of failure)
Press: ? - help, Shift-Dir - straight line You feel a surge of power!
The fireball explodes!
The fireball engulfs the troll!!!
The troll is almost dead.
The fireball engulfs the centaur warrior.
The centaur warrior is lightly wounded.
The centaur warrior shoots an arrow.
The arrow hits you!!
* * * LOW HITPOINT WARNING * * *
Unknown command.
Unknown command.
Casting: Fireball (dangerous; 1% risk of failure)
Confirm with . or Enter, or press ? or * to list all spells.
Aiming: Fireball (dangerous; 1% risk of failure)
Press: ? - help, Shift-Dir - straight line, f - troll
Aim: a troll (almost dead)
You feel a surge of power!
The fireball explodes!
The fireball engulfs the troll!!
You kill the troll!
Vehumet accepts your kill.
You feel your power returning.
The fireball engulfs the centaur warrior!!
The centaur warrior is severely wounded.
The centaur warrior shoots an arrow.
The arrow hits you!
You die...

##.. ... ...#
##.## ..# .....
.. ..#.cV... ..#
#.#...Bh. # #.#
#.c?.J8hc . ####
#.# #†# .# #...
###.###.# ..#
#.## #......@# ..
#.#.
#.......####.####
#.#.
#................
#...
#.......#.##.###
#...
#.......#....#
#...
#.......#.#####
#...
#.......#.....#
##...
#.......#####.#
#...# #########
#.######...#


You could see a centaur warrior.

Vanquished Creatures
  A boulder beetle (D:9)
  A centaur warrior (D:9)
  A two-headed ogre (D:10)
  Sonja (D:10)
  A water nymph (shapeshifter) (D:9)
  2 elephants (Lair:1)
  A black mamba (Lair:1)
  A gargoyle (D:10)
  A komodo dragon (Lair:1)
  2 trolls (D:9)
  A shadow (D:10)
  Sigmund (D:6)
  A slime creature (D:9)
  6 yaks
  A steam dragon (D:7)
  Edmund (D:6)
  A vampire mosquito (D:9)
  2 water moccasins
  An ice beast (D:7)
  5 orc warriors
  A black bear (D:6)
  2 sky beasts (D:7)
  2 ogres
  2 centaurs
  A phantom (D:5)
  2 kobold brigands (D:8)
  Blork the orc (D:6)
  4 bullfrogs
  A scorpion (D:4)
  15 wights
  17 killer bees
  6 howler monkeys
  2 hounds
  2 jellies
  10 orc priests
  Jessica (D:2)
  6 iguanas
  2 sleepcaps
  11 orc wizards
  11 gnolls
  4 adders
  A shadow imp (D:7)
  2 white imps
  An ufetubus (D:5)
  A dart slug (D:1)
  4 worms
  46 orcs
  4 ball pythons
  4 bats
  5 endoplasms
  4 giant cockroaches
  12 goblins
  15 hobgoblins
  7 jackals
  18 kobolds
  2 quokkas (D:2)
  3 frilled lizards
  9 rats
273 creatures vanquished.

Vanquished Creatures (others)
  A rime drake (shapeshifter) (D:9)
  A slime creature (D:9)
  An orc wizard (D:9)
  693 foxfires
696 creatures vanquished.

Grand Total: 969 creatures vanquished

Notes
Turn   | Place    | Note
-------+----------+-------------------------------------------
     0 | D:1      | TittyCrusher the Deep Elf Fire Elementalist began the quest
                  | for the Orb.
     0 | D:1      | Reached XP level 1. HP: 10/10 MP: 6/6
   364 | D:1      | Reached XP level 2. HP: 15/15 MP: 6/8
   595 | D:1      | Learned a level 2 spell: Scorch
  1169 | D:2      | Reached XP level 3. HP: 19/19 MP: 5/9
  1173 | D:2      | Learned a level 3 spell: Volatile Blastmotes
  1453 | D:2      | Reached skill level 5 in Fire Magic
  1600 | D:2      | Found a runed translucent door.
  1601 | D:2      | Noticed Crazy Yiuf
  1877 | D:2      | Noticed Jessica
  1883 | D:2      | Killed Jessica
  1884 | D:2      | Reached XP level 4. HP: 24/24 MP: 6/10
  2886 | D:3      | Identified a scroll of acquirement
  2887 | D:3      | Acquired TittyCrusher's Omnibus of the Barrage
  3116 | D:3      | Reached XP level 5. HP: 24/28 MP: 1/11
  3836 | D:4      | Learned a level 5 spell: Fireball
  3954 | D:4      | Reached XP level 6. HP: 32/32 MP: 5/14
  4020 | D:4      | Found a shimmering blue altar of Sif Muna.
  4020 | D:4      | Found a burning altar of Makhleb.
  4020 | D:4      | Found a basalt altar of Yredelemnul.
  4020 | D:4      | Found a hide-covered altar of Uskayaw.
  4026 | D:4      | Found a snail-covered altar of Cheibriados.
  4026 | D:4      | Found a sacrificial altar of Ru.
  4550 | D:4      | Learned a level 1 spell: Summon Small Mammal
  4936 | D:5      | Entered Level 5 of the Dungeon
  4962 | D:5      | Reached skill level 5 in Conjurations
  5013 | D:5      | Reached XP level 7. HP: 36/36 MP: 10/15
  5210 | D:5      | Found a staircase to the Ecumenical Temple.
  5219 | Temple   | Entered the Ecumenical Temple
  5983 | D:6      | You are sucked into a shaft and drop 1 floor!
  6219 | D:6      | Found an ancient bone altar of Kikubaaqudgha.
  6220 | D:6      | Found a glowing golden altar of the Shining One.
  6222 | D:6      | Found a radiant altar of Vehumet.
  6239 | D:6      | Became a worshipper of Vehumet
  6340 | D:6      | Noticed Edmund
  6347 | D:6      | Killed Edmund
  6348 | D:6      | Reached XP level 8. HP: 34/41 MP: 5/16
  6627 | D:6      | Found Nufisos's Jewellery Shop.
  6646 | D:6      | Bought a ring of fire for 350 gold pieces
  6688 | D:6      | Noticed Sigmund
  6863 | D:6      | Noticed Blork the orc
  6865 | D:6      | Killed Sigmund
  6865 | D:6      | Killed Blork the orc
  7032 | D:7      | Reached XP level 9. HP: 45/45 MP: 11/23
  7082 | D:7      | Reached * piety under Vehumet
  7082 | D:7      | Offered knowledge of Kiss of Death by Vehumet.
  7139 | D:7      | Found Regugrutz's Assorted Antiques.
  7286 | D:7      | Found a shadowy altar of Dithmenos.
  7608 | D:7      | Offered knowledge of Poisonous Vapours by Vehumet.
  7758 | D:7      | Reached ** piety under Vehumet
  7973 | D:8      | Reached skill level 10 in Conjurations
  8068 | D:8      | Learned a level 3 spell: Inner Flame
  8072 | D:8      | Learned a level 3 spell: Swiftness
  8128 | D:8      | Reached skill level 1 in Translocations
  8324 | D:8      | Offered knowledge of Stone Arrow by Vehumet.
  8345 | D:8      | Reached XP level 10. HP: 50/50 MP: 9/24
  8359 | D:8      | Reached skill level 1 in Air Magic
  8555 | D:8      | Found a staircase to the Lair.
  8748 | D:9      | Noticed a boulder beetle
  8748 | D:9      | Noticed a centaur warrior
  8748 | D:9      | Noticed a centaur warrior
  8854 | D:8      | Reached *** piety under Vehumet
  8948 | Lair:1   | Entered Level 1 of the Lair of Beasts
  8974 | Lair:1   | Noticed a torpor snail
  9011 | Lair:1   | Noticed a black mamba
  9016 | Lair:1   | Killed a black mamba
  9032 | Lair:1   | Noticed an elephant
  9041 | Lair:1   | Noticed an elephant
  9050 | Lair:1   | Killed an elephant
  9050 | Lair:1   | Noticed an elephant
  9051 | Lair:1   | Reached skill level 10 in Fire Magic
  9052 | Lair:1   | Noticed an elephant
  9055 | Lair:1   | Killed an elephant
  9149 | Lair:1   | Noticed an elephant
  9331 | D:9      | Offered knowledge of Fulminant Prism by Vehumet.
  9567 | D:9      | Learned a level 5 spell: Irradiate
  9574 | D:9      | Learned a level 5 spell: Arcjolt
  9783 | D:9      | Killed a centaur warrior
  9971 | D:9      | Noticed a water nymph
  9976 | D:9      | Killed a water nymph
 10074 | D:7      | Bought a scroll of fear for 92 gold pieces
 10074 | D:7      | Bought a scroll of identify for 46 gold pieces
 10360 | D:9      | Reached **** piety under Vehumet
 10374 | D:10     | Entered Level 10 of the Dungeon
 10374 | D:10     | Noticed a boulder beetle
 10384 | D:9      | Killed a boulder beetle
 10385 | D:9      | Reached XP level 11. HP: 26/54 MP: 2/26
 10508 | D:10     | Offered knowledge of Hailstorm by Vehumet.
 10694 | D:10     | Noticed a two-headed ogre
 10824 | D:10     | Found an opulent altar of Gozag.
 10918 | D:10     | Noticed Sonja
 10920 | D:10     | Killed Sonja
 10980 | D:10     | Learned a level 5 spell: Freezing Cloud
 11075 | D:10     | Killed a two-headed ogre
 11187 | D:10     | Reached ***** piety under Vehumet
 11187 | D:10     | Offered knowledge of Ozocubu's Refrigeration by Vehumet.
 11537 | D:9      | Shot with an arrow by a centaur warrior

Illustrated notes

Levels and vault maps discovered:
D:1:      spicycebolla_arrival_ecumenical, layout_loops_cross,
          minmay_misc_feat_tower
D:2:      layout_loops_ring, minmay_split_cup_small, uniq_jessica,
          uniq_crazy_yiuf_cottage
D:3:      layout_loops_cross
D:4:      corexii_shantytown, layout_basic, minmay_overflow_temple_hex
D:5:      layout_cave_pools, lemuel_temple_firewalk_b
D:6:      layout_gridville, chequers_temple_overflow_statue_of_worship,
          serial_shops, nicolae_shop_tiny_waterfront, uniq_edmund,
          uniq_blork_the_orc, uniq_sigmund
D:7:      layout_layer_cave, grunt_dithmenos_smoke_and_mirrors, serial_shops,
          nicolae_shop_waterfront
D:8:      layout_gridville, lair_entry_dummy
D:9:      layout_basic, minivault_28
D:10:     layout_basic, nicolae_gozag_cash_rules_everything_around_me,
          minmay_orc_keep, uniq_sonja
Temple:   nicolae_temple_bog_church
Lair:1:   layout_cave_pods, ebering_ghost_disaster_area

Skill      XL: |  1  2  3  4  5  6  7  8  9 10 11 |
---------------+----------------------------------+-----
Fire Magic     | 4 5 6 7 9 11 12 | 12.3
Spellcasting   | 4 8 9 |  9.6
Conjurations   | 3 5 7 8 10 12 | 12.7
Translocations | 3 |  3.0
Air Magic      | 2 |  2.9
Ice Magic      | 3 |  3.5
Dodging        | |  2.4
Stealth        | |  2.4

Action                     |  1- 3 |  4- 6 |  7- 9 | 10-12 || total
---------------------------+-------+-------+-------+-------++-------
  Melee: Spear             |       |     5 |    28 |    20 ||    53
   Fire: Sling             |     7 |     3 |       |       ||    10
  Throw: Stone             |     1 |       |       |       ||     1
   Cast: Foxfire           |    58 |   139 |   188 |    44 ||   429
         Scorch            |     3 |    15 |    12 |    23 ||    53
         Fireball          |       |       |    17 |    51 ||    68
         Summon Small Mamm |       |       |       |     1 ||     1
         Swiftness         |       |       |       |     1 ||     1
  Evoke: Wand              |       |       |       |     2 ||     2
    Use: Scroll            |     4 |     9 |     6 |     6 ||    25
         Potion            |       |       |     1 |     1 ||     2
   Stab: Sleeping          |       |     1 |       |       ||     1
 Armour: Robe              |     7 |     6 |    12 |    21 ||    46
  Dodge: Dodged            |     9 |    33 |    26 |    30 ||    98
  Block: Other             |       |    19 |       |       ||    19
         Reflection        |       |     1 |       |       ||     1

Table legend: (Time is in decaauts)
 A = Elapsed time spent in this place.
 B = Non-inter-level travel time spent in this place.
 C = Inter-level travel time spent in this place.
 D = Time resting spent in this place.
 E = Time spent auto-exploring this place.
 F = Levels seen in this place.
 G = Mean time per level.
                   A        B        C        D        E       F      G
               +--------+--------+--------+--------+--------+-----+--------+
         Total |  11554 |  10720 |    834 |   1610 |   4817 |  12 |  962.8 |
       Dungeon |  11296 |  10472 |    824 |   1599 |   4708 |  10 | 1129.6 |
        Temple |    125 |    115 |     10 |      0 |    108 |   1 |  125.0 |
          Lair |    132 |    132 |      0 |     11 |      1 |   1 |  132.0 |
               +--------+--------+--------+--------+--------+-----+--------+

Top non-repeatable levels by time:
     D:4: 1664 daAuts
     D:9: 1433 daAuts
     D:8: 1308 daAuts
     D:2: 1153 daAuts
     D:3: 1082 daAuts
     D:1: 1075 daAuts
     D:7: 1057 daAuts
     D:6: 955 daAuts
     D:5: 849 daAuts
    D:10: 716 daAuts
  Lair:1: 132 daAuts
  Temple: 125 daAuts
